TOP OF THE 1ST |
Oregon State University Beavers batting - Pitching for University of Virginia Cavaliers : LHP Amari Miller
|
Pitching: LHP Amari Miller
|
|
Batting: RHB Seth Fox
|
0-0: Swinging Strike 0-1: Ball 1-1: Ball 2-1: Foul Ball, location: 2F 2-2: Ball 3-2: Base on Balls
|
Batting: RHB Mario Avila
|
0-0: Called Strike 0-1: SINGLE (Flyball, 34D, EV 84.4 MPH) Seth Fox to second
|
Batting: RHB Joel Gomez
|
0-0: Ball 1-0: Ball 2-0: Ball 3-0: Base on Balls Seth Fox to third Mario Avila to second
|
Batting: RHB Roger Mitchell
|
0-0: Ball 1-0: Fielders Choice at 2nd, 5-4 (Groundball, 56, EV 90.0 MPH) Seth Fox scores Mario Avila to third
|
Batting: LHB Mike Becerra
|
0-0: Ball 1-0: Foul Ball, location: 2F 1-1: Ball 2-1: Called Strike 2-2: Ball 3-2: Strikes out swinging Roger Mitchell is caught stealing 2nd base 2-6 Batter strikes out.
|
Top of the 1st over - 1 run, 1 hit, 0 errors, 1 left on base; Oregon State University 1 - University of Virginia 0 |
BOTTOM OF THE 1ST |
University of Virginia Cavaliers batting - Pitching for Oregon State University Beavers : RHP Johnathan Johnson
|
Pitching: RHP Johnathan Johnson
|
|
Batting: RHB Rohit Gadhavi
|
0-0: Called Strike 0-1: SINGLE (Line Drive, 34, EV 97.5 MPH)
|
Batting: RHB Kevin Steed
|
0-0: Ball 1-0: Ball 2-0: Ball 3-0: Called Strike 3-1: Swinging Strike 3-2: SINGLE (Line Drive, 9S, EV 94.4 MPH) Rohit Gadhavi to second Rohit Gadhavi to third
|
Batting: LHB Sean Banks
|
0-0: Ball 1-0: Called Strike 1-1: Ball 2-1: Foul Ball, location: 2F 2-2: SINGLE (Line Drive, 7LS, EV 99.4 MPH) Rohit Gadhavi scores Kevin Steed to second
|
Batting: RHB Arnaud Derosiers
|
0-0: Ball 1-0: Called Strike 1-1: Ball 2-1: Ball 3-1: Base on Balls Kevin Steed to third Sean Banks to second
|
Batting: RHB Adam Dudek
|
0-0: Ball 1-0: GRAND SLAM HOME RUN (Flyball, 7LD, EV 91.2 MPH), Distance : 339 ft
|
Batting: SHB Eric Kelley
|
0-0: Ball 1-0: SINGLE (Line Drive, 6D, EV 100.0 MPH)
|
Batting: RHB Matt Peddle
|
0-0: Ball 1-0: SINGLE (Groundball, 4D, EV 96.2 MPH) Eric Kelley to second
|
Pitching: RHP Josue Rubio
|
|
Batting: RHB Matt Sobolewski
|
0-0: Called Strike 0-1: Ball 1-1: Ball 2-1: Ball 3-1: Called Strike 3-2: Foul Ball, location: 2F 3-2: Foul Ball, location: 2F 3-2: Foul Ball, location: 2F 3-2: Foul Ball, location: 2F 3-2: Foul Ball, location: 2F 3-2: Strikes out looking Matt Peddle is caught stealing 2nd base 2-4 Eric Kelley steals 3rd base Batter strikes out.
|
Batting: RHB Gabe Secundino
|
0-0: Swinging Strike 0-1: Foul Ball, location: 2F 0-2: Foul Ball, location: 2F 0-2: Ball 1-2: Ground out 5-3 (Groundball, 5S, EV 64.4 MPH)
|
Bottom of the 1st over - 5 runs, 6 hits, 0 errors, 1 left on base; Oregon State University 1 - University of Virginia 5 |
TOP OF THE 2ND |
Oregon State University Beavers batting - Pitching for University of Virginia Cavaliers : LHP Amari Miller
|
Batting: RHB Noel Bodkin
|
0-0: Called Strike 0-1: Ball 1-1: SOLO HOME RUN (Flyball, 7LD, EV 96.9 MPH), Distance : 340 ft
|
Batting: RHB Gustavo Diaz
|
0-0: Ball 1-0: Ball 2-0: Foul Ball, location: 2F 2-1: Ball 3-1: Called Strike 3-2: Ground out 5-3 (Groundball, 5, EV 87.5 MPH)
|
Batting: RHB Jesus Ruiz
|
0-0: Foul Ball, location: 2F 0-1: Foul Ball, location: 2F 0-2: Ground out 6-3 (Groundball, 6, EV 111.2 MPH)
|
Batting: RHB Vicente Guillen
|
0-0: Ball 1-0: Foul Ball, location: 2F 1-1: SINGLE (Groundball, 6D, EV 98.1 MPH)
|
Batting: RHB Seth Fox
|
0-0: Called Strike 0-1: Ball 1-1: Fielders Choice at 2nd, 6-4 (Groundball, 6, EV 104.4 MPH)
|
Top of the 2nd over - 1 run, 2 hits, 0 errors, 1 left on base; Oregon State University 2 - University of Virginia 5 |
BOTTOM OF THE 2ND |
University of Virginia Cavaliers batting - Pitching for Oregon State University Beavers : RHP Josue Rubio
|
Batting: RHB Rohit Gadhavi
|
0-0: Ground out U3 (Groundball, 3, EV 88.1 MPH)
|
Batting: RHB Kevin Steed
|
0-0: Called Strike 0-1: Ball 1-1: Foul Ball, location: 2F 1-2: Strikes out swinging
|
Batting: LHB Sean Banks
|
0-0: Foul Ball, location: 2F 0-1: Fly out, F9 (Line Drive, 9, EV 98.8 MPH)
|
Bottom of the 2nd over - 0 runs, 0 hits, 0 errors, 0 left on base; Oregon State University 2 - University of Virginia 5 |
TOP OF THE 3RD |
Oregon State University Beavers batting - Pitching for University of Virginia Cavaliers : LHP Amari Miller
|
Batting: RHB Mario Avila
|
0-0: Called Strike 0-1: DOUBLE (Line Drive, 7LM, EV 91.9 MPH)
|
Batting: RHB Joel Gomez
|
0-0: Called Strike 0-1: Called Strike 0-2: Ball 1-2: Ball 2-2: Foul Ball, location: 2F 2-2: Strikes out looking
|
Batting: RHB Roger Mitchell
|
0-0: Ground out 4-3 (Groundball, 4M, EV 98.1 MPH) Mario Avila to third
|
Batting: LHB Mike Becerra
|
0-0: Ball 1-0: Fly out, F8 (Flyball, 8RM, EV 92.5 MPH)
|
Top of the 3rd over - 0 runs, 1 hit, 0 errors, 1 left on base; Oregon State University 2 - University of Virginia 5 |
BOTTOM OF THE 3RD |
University of Virginia Cavaliers batting - Pitching for Oregon State University Beavers : RHP Josue Rubio
|
Batting: RHB Arnaud Derosiers
|
0-0: Ball 1-0: Ground out 6-3 (Groundball, 6, EV 89.4 MPH)
|
Batting: RHB Adam Dudek
|
0-0: Ball 1-0: Foul Ball, location: 2F 1-1: Ball 2-1: Foul Ball, location: 2F 2-2: Ball 3-2: Ground out 6-3 (Groundball, 6, EV 109.4 MPH)
|
Batting: SHB Eric Kelley
|
0-0: Ball 1-0: Ball 2-0: Ball 3-0: Base on Balls
|
Batting: RHB Matt Peddle
|
0-0: Ball 1-0: Swinging Strike Passed Ball! Eric Kelley to second 1-1: Ground out 6-3 (Groundball, 56, EV 95.0 MPH)
|
Bottom of the 3rd over - 0 runs, 0 hits, 0 errors, 1 left on base; Oregon State University 2 - University of Virginia 5 |
TOP OF THE 4TH |
Oregon State University Beavers batting - Pitching for University of Virginia Cavaliers : LHP Amari Miller
|
Batting: RHB Noel Bodkin
|
0-0: Called Strike 0-1: Fly out, F7 (Flyball, 7, EV 83.1 MPH)
|
Batting: RHB Gustavo Diaz
|
0-0: Called Strike 0-1: Ball 1-1: Foul Ball, location: 2F 1-2: Foul Ball, location: 2F 1-2: Ball 2-2: Foul Ball, location: 2F 2-2: Ball 3-2: SINGLE (Groundball, 6D, EV 98.8 MPH)
|
Batting: RHB Jesus Ruiz
|
0-0: Ball 1-0: Foul Ball, location: 2F 1-1: Called Strike 1-2: Reached on error, E6 (Groundball, 6, EV 88.8 MPH) Gustavo Diaz to second
|
Batting: RHB Vicente Guillen
|
0-0: Ball 1-0: Ball 2-0: Swinging Strike 2-1: Foul Ball, location: 2F 2-2: Foul Ball, location: 2F 2-2: Strikes out swinging
|
Batting: RHB Seth Fox
|
0-0: Called Strike 0-1: Fly out, F8 (Flyball, 8LD, EV 95.6 MPH)
|
Top of the 4th over - 0 runs, 1 hit, 1 error, 2 left on base; Oregon State University 2 - University of Virginia 5 |
BOTTOM OF THE 4TH |
University of Virginia Cavaliers batting - Pitching for Oregon State University Beavers : RHP Josue Rubio
|
Pitching: RHP Jurdão Maceneiro
|
|
Batting: RHB Matt Sobolewski
|
0-0: Ball 1-0: SINGLE (Groundball, 6MD, EV 98.1 MPH)
|
Batting: RHB Gabe Secundino
|
0-0: Called Strike 0-1: SINGLE (Flyball, 34D, EV 88.8 MPH) Matt Sobolewski to second
|
Batting: RHB Rohit Gadhavi
|
0-0: SINGLE (Groundball, 6MD, EV 106.9 MPH) Matt Sobolewski to third Gabe Secundino to second
|
Batting: RHB Kevin Steed
|
0-0: Grounds into double play, 4-6-3 (Groundball, 4, EV 103.8 MPH) Matt Sobolewski scores Gabe Secundino to third
|
Batting: LHB Sean Banks
|
0-0: Called Strike 0-1: Ball 1-1: Swinging Strike 1-2: Foul Ball, location: 2F 1-2: Fly out, F7 (Flyball, 7D, EV 98.8 MPH)
|
Bottom of the 4th over - 1 run, 3 hits, 0 errors, 1 left on base; Oregon State University 2 - University of Virginia 6 |
TOP OF THE 5TH |
Oregon State University Beavers batting - Pitching for University of Virginia Cavaliers : LHP Amari Miller
|
Batting: RHB Mario Avila
|
0-0: Foul Ball, location: 2F 0-1: Ball 1-1: Foul Ball, location: 2F 1-2: Ball 2-2: Strikes out looking
|
Pitching: RHP Emanuel Andrade
|
|
Batting: RHB Joel Gomez
|
0-0: Foul Ball, location: 2F 0-1: Foul Ball, location: 2F 0-2: SINGLE (Groundball, 6MD, EV 96.2 MPH)
|
Batting: RHB Roger Mitchell
|
0-0: SINGLE (Groundball, 56D, EV 98.1 MPH) Joel Gomez to second
|
Batting: LHB Mike Becerra
|
0-0: Swinging Strike 0-1: SINGLE (Line Drive, 8RS, EV 99.4 MPH) Joel Gomez to third Roger Mitchell to second
|
Batting: RHB Noel Bodkin
|
0-0: GRAND SLAM HOME RUN (Flyball, 7D, EV 99.4 MPH), Distance : 375 ft
|
Pitching: LHP David Zuniga
|
|
Batting: RHB Gustavo Diaz
|
0-0: Called Strike 0-1: Called Strike 0-2: Foul Ball, location: 2F 0-2: SINGLE (Line Drive, 4D, EV 96.9 MPH)
|
Batting: RHB Jesus Ruiz
|
0-0: Ball 1-0: Ball 2-0: Ball 3-0: Called Strike 3-1: Foul Ball, location: 2F 3-2: SINGLE (Groundball, 6MD, EV 97.5 MPH) Gustavo Diaz to second
|
Batting: RHB Vicente Guillen
|
0-0: Ball 1-0: Ball 2-0: Called Strike 2-1: Foul Ball, location: 2F 2-2: Strikes out swinging
|
Batting: RHB Seth Fox
|
0-0: Foul Ball, location: 2F 0-1: Ball 1-1: Called Strike 1-2: Strikes out swinging
|
Top of the 5th over - 4 runs, 6 hits, 0 errors, 2 left on base; Oregon State University 6 - University of Virginia 6 |
BOTTOM OF THE 5TH |
University of Virginia Cavaliers batting - Pitching for Oregon State University Beavers : RHP Jurdão Maceneiro
|
Pinch Hitting: LHB William Gonzales
|
0-0: Ball 1-0: Foul Ball, location: 2F 1-1: Ball 2-1: Ball 3-1: Foul Ball, location: 2F 3-2: Base on Balls
|
Batting: RHB Adam Dudek
|
0-0: Called Strike 0-1: Called Strike 0-2: Strikes out looking
|
Batting: SHB Eric Kelley
|
0-0: Ball 1-0: Fly out, F8 (Flyball, 89D, EV 86.9 MPH)
|
Batting: RHB Matt Peddle
|
0-0: Foul Ball, location: 2F 0-1: Swinging Strike 0-2: Foul Ball, location: 2F 0-2: Strikes out swinging
|
Bottom of the 5th over - 0 runs, 0 hits, 0 errors, 1 left on base; Oregon State University 6 - University of Virginia 6 |
TOP OF THE 6TH |
Oregon State University Beavers batting - Pitching for University of Virginia Cavaliers : LHP David Zuniga
|
Now at 1B: William Gonzales
|
|
Batting: RHB Mario Avila
|
0-0: Hit by Pitch
|
Batting: RHB Joel Gomez
|
0-0: Called Strike 0-1: Foul Ball, location: 2F 0-2: Strikes out swinging
|
Pinch Hitting: LHB Edwin Bautista
|
0-0: Called Strike 0-1: Swinging Strike 0-2: Ball 1-2: Foul Ball, location: 2F 1-2: Foul Ball, location: 2F 1-2: Strikes out swinging
|
Batting: LHB Mike Becerra
|
0-0: SINGLE (Groundball, 6MD, EV 100.6 MPH) Mario Avila to second
|
Batting: RHB Noel Bodkin
|
0-0: Called Strike 0-1: Ball 1-1: Foul Ball, location: 2F 1-2: Foul Ball, location: 2F 1-2: Ball 2-2: Ball 3-2: Foul Ball, location: 2F 3-2: Base on Balls Mario Avila to third Mike Becerra to second
|
Batting: RHB Gustavo Diaz
|
0-0: Fielders Choice at 2nd, 6-4 (Groundball, 6, EV 108.8 MPH)
|
Top of the 6th over - 0 runs, 1 hit, 0 errors, 3 left on base; Oregon State University 6 - University of Virginia 6 |
BOTTOM OF THE 6TH |
University of Virginia Cavaliers batting - Pitching for Oregon State University Beavers : RHP Jurdão Maceneiro
|
Now at 2B: Itocravo Arrochela
|
|
Pinch Hitting: LHB Jesse Westmoreland
|
0-0: Ball 1-0: Called Strike 1-1: Fly out, F7 (Flyball, 7D, EV 81.9 MPH)
|
Batting: RHB Gabe Secundino
|
0-0: Ball 1-0: Ball 2-0: Ball 3-0: Base on Balls
|
Batting: RHB Rohit Gadhavi
|
0-0: Ball 1-0: Grounds into double play, 4-6-3 (Groundball, 34, EV 77.5 MPH)
|
Bottom of the 6th over - 0 runs, 0 hits, 0 errors, 0 left on base; Oregon State University 6 - University of Virginia 6 |
TOP OF THE 7TH |
Oregon State University Beavers batting - Pitching for University of Virginia Cavaliers : LHP David Zuniga
|
Pitching: LHP Mitchel Larson
|
|
Now at 3B: Winston Buccat
|
|
Batting: RHB Jesus Ruiz
|
0-0: Foul Ball, location: 2F 0-1: SOLO HOME RUN (Flyball, 7LD, EV 94.4 MPH), Distance : 359 ft
|
Batting: RHB Vicente Guillen
|
0-0: Ground out 6-3 (Groundball, 6, EV 83.1 MPH)
|
Batting: RHB Seth Fox
|
0-0: Ball 1-0: Called Strike 1-1: Foul Ball, location: 2F 1-2: Foul Ball, location: 2F 1-2: Fly out, F9 (Flyball, 9, EV 80.0 MPH)
|
Batting: RHB Mario Avila
|
0-0: SINGLE (Groundball, 56S, EV 70.6 MPH) (infield hit)
|
Batting: RHB Joel Gomez
|
0-0: Ball 1-0: Swinging Strike 1-1: Foul Ball, location: 2F 1-2: Strikes out swinging
|
Top of the 7th over - 1 run, 2 hits, 0 errors, 1 left on base; Oregon State University 7 - University of Virginia 6 |
BOTTOM OF THE 7TH |
University of Virginia Cavaliers batting - Pitching for Oregon State University Beavers : RHP Jurdão Maceneiro
|
Batting: RHB Kevin Steed
|
0-0: Foul Ball, location: 2F 0-1: Called Strike 0-2: Ground out 3-1 (Groundball, 34, EV 86.9 MPH)
|
Batting: LHB Sean Banks
|
0-0: Ground out 4-3 (Groundball, 4, EV 85.0 MPH)
|
Batting: LHB William Gonzales
|
0-0: Swinging Strike 0-1: Foul Ball, location: 2F 0-2: Ball 1-2: Foul Ball, location: 2F 1-2: Fly out, F8 (Flyball, 89M, EV 84.4 MPH)
|
Bottom of the 7th over - 0 runs, 0 hits, 0 errors, 0 left on base; Oregon State University 7 - University of Virginia 6 |
TOP OF THE 8TH |
Oregon State University Beavers batting - Pitching for University of Virginia Cavaliers : LHP Mitchel Larson
|
Batting: RHB Itocravo Arrochela
|
0-0: Ball 1-0: Ball 2-0: SOLO HOME RUN (Flyball, 8RXD, EV 105.0 MPH), Distance : 437 ft
|
Batting: LHB Mike Becerra
|
0-0: Foul Ball, location: 2F 0-1: Foul Ball, location: 2F 0-2: Ball 1-2: Foul Ball, location: 2F 1-2: Strikes out swinging
|
Batting: RHB Noel Bodkin
|
0-0: Foul Ball, location: 2F 0-1: Foul Ball, location: 2F 0-2: Ball 1-2: Strikes out looking
|
Batting: RHB Gustavo Diaz
|
0-0: Ball 1-0: Called Strike 1-1: Ball 2-1: Foul Ball, location: 2F 2-2: Ball 3-2: Strikes out swinging
|
Top of the 8th over - 1 run, 1 hit, 0 errors, 0 left on base; Oregon State University 8 - University of Virginia 6 |
BOTTOM OF THE 8TH |
University of Virginia Cavaliers batting - Pitching for Oregon State University Beavers : RHP Jurdão Maceneiro
|
Pitching: LHP Jonas Jennings
|
|
Batting: RHB Adam Dudek
|
0-0: SINGLE (Groundball, 34D, EV 103.1 MPH)
|
Batting: SHB Eric Kelley
|
0-0: Ball 1-0: Called Strike 1-1: Ground out 6-3 (Groundball, P, EV 83.1 MPH) Adam Dudek to second
|
Batting: RHB Matt Peddle
|
0-0: Called Strike 0-1: Foul Ball, location: 2F 0-2: Ball 1-2: Strikes out looking
|
Pinch Hitting: RHB Eric McClelland
|
0-0: Foul Ball, location: 2F 0-1: Called Strike 0-2: Ball 1-2: Foul Ball, location: 2F 1-2: Strikes out swinging
|
Bottom of the 8th over - 0 runs, 1 hit, 0 errors, 1 left on base; Oregon State University 8 - University of Virginia 6 |
TOP OF THE 9TH |
Oregon State University Beavers batting - Pitching for University of Virginia Cavaliers : LHP Mitchel Larson
|
Pitching: RHP Mike Adler
|
|
Now at 3B: Al Blanchard
|
|
Batting: RHB Jesus Ruiz
|
0-0: Ball 1-0: Ground out 6-3 (Groundball, 6, EV 84.4 MPH)
|
Batting: RHB Vicente Guillen
|
0-0: Foul Ball, location: 2F 0-1: Ball 1-1: Fly out, F9 (Flyball, 89M, EV 89.4 MPH)
|
Batting: RHB Seth Fox
|
0-0: Called Strike 0-1: Ball 1-1: SINGLE (Groundball, 56S, EV 68.1 MPH) (infield hit)
|
Batting: RHB Mario Avila
|
0-0: Called Strike 0-1: Ball 1-1: Ball 2-1: Fly out, F3 (Popup, 3F, EV 73.8 MPH)
|
Top of the 9th over - 0 runs, 1 hit, 0 errors, 1 left on base; Oregon State University 8 - University of Virginia 6 |
BOTTOM OF THE 9TH |
University of Virginia Cavaliers batting - Pitching for Oregon State University Beavers : LHP Jonas Jennings
|
Pitching: RHP Mike Barnhill
|
|
Pinch Hitting: LHB Rich Kuehne
|
0-0: Foul Ball, location: 2F 0-1: Swinging Strike 0-2: Ball 1-2: SINGLE (Groundball, 56D, EV 100.6 MPH)
|
Batting: RHB Rohit Gadhavi
|
0-0: Ball 1-0: Ball 2-0: Ball 3-0: Base on Balls Rich Kuehne to second
|
Batting: RHB Kevin Steed
|
0-0: Fly out, F7 (Flyball, 7LD, EV 93.8 MPH) Runner from 2nd tags up, SAFE at 3rd, no throw by LF
|
Batting: LHB Sean Banks
|
0-0: Called Strike 0-1: Swinging Strike 0-2: Strikes out swinging
|
Batting: LHB William Gonzales
|
0-0: Ball 1-0: Ball 2-0: Ball 3-0: Called Strike 3-1: Swinging Strike 3-2: SINGLE (Line Drive, 8RS, EV 89.4 MPH) Rich Kuehne scores Rohit Gadhavi to second Rohit Gadhavi to third
|
Batting: RHB Adam Dudek
|
0-0: Ball 1-0: Fly out, F4 (Popup, 4MD, EV 44.4 MPH)
|
Bottom of the 9th over - 1 run, 2 hits, 0 errors, 2 left on base; Oregon State University 8 - University of Virginia 7 |
|